AoeStats
← Cinnamoroll

MegaRandom

506277698Analyzed
4v4 RM · 20d ago on Sep 13, 2026· 40m 39s· 8 players
Game mode
Random Map
Map size
Large (8 player)
Population
200
Speed
Normal
Resources
Standard
Victory
Conquest
Starting age
Dark Age
Ending age
Imperial Age
RankedLock teamsTeams togetherTeam positionsShared explorationLock speedFull tech treeHidden civsTurbo modeCheats
Victory
Defeat
🇨🇦 Vietnamese · Canada
1635
+13
🇨🇳 Persians · China
1596
+15
🇭🇺 Mongols · Hungary
1575
+16
🇹🇷 Hindustanis · Türkiye
1466
+21
🇨🇦 Spanish · Canada
1607
-18
🇨🇦 Britons · Canada
1585
-17
🇲🇽 Lithuanians · Mexico
1572
-16
🇲🇽 Georgians · Mexico
1524
-14
The Lord Daniel
0:32 Loom
10:02 Feudal Age
11:10 Double-Bit Axe
13:08 Fishing Lines
16:18 Gold Mining
22:17 Castle Age
23:13 Medium Warships
22:55 Fletching
23:18 Gillnets
27:16 Wheelbarrow
27:40 Horse Collar
30:29 Hand Cart
40:14 Imperial Age
39:22 Ballistics
39:14 Careening
39:18 Clinker Construction
sfcwallace
0:30 Loom
11:30 Feudal Age
12:05 Double-Bit Axe
15:20 Padded Archer Armor
15:11 Fletching
15:22 Padded Archer Armor
24:52 Castle Age
24:45 Gold Mining
25:05 Crossbowman
25:42 Bodkin Arrow
26:31 Leather Archer Armor
30:55 Ballistics
Cinnamoroll
0:30 Loom
14:54 Feudal Age
19:19 Castle Age
17:06 Double-Bit Axe
19:00 Fletching
19:47 Gold Mining
20:18 Medium Warships
20:04 Bodkin Arrow
20:35 Bow Saw
21:29 Horse Collar
23:24 Ballistics
23:43 Wheelbarrow
23:24 Scale Barding Armor
27:58 Sanctity
27:49 Fervor
31:20 Husbandry
31:30 Bloodlines
33:11 Horse Collar
37:29 Imperial Age
36:18 Redemption
36:32 Town Watch
38:30 Block Printing
38:50 Theocracy
EL MAYA
0:36 Loom
12:56 Feudal Age
17:42 Castle Age
16:11 Double-Bit Axe
16:48 Horse Collar
22:04 Heavy Plow
22:22 Gold Mining
23:13 Bow Saw
24:16 Scale Barding Armor
27:48 Bloodlines
28:08 Forging
28:18 Forging
29:58 Chain Barding Armor
31:47 Husbandry
34:32 Wheelbarrow
37:41 Iron Casting
39:07 Hand Cart
[H] Blabla
0:31 Loom
12:36 Feudal Age
19:20 Castle Age
17:57 Double-Bit Axe
18:34 Fletching
20:06 Bodkin Arrow
21:15 Medium Warships
21:36 Bow Saw
22:05 Horse Collar
23:02 Wheelbarrow
23:23 Stone Mining
26:51 Town Watch
30:12 Padded Archer Armor
31:53 Ballistics
34:40 Leather Archer Armor
35:28 Thumb Ring
39:28 Imperial Age
37:47 Bloodlines
37:38 Husbandry
38:28 Hand Cart
39:40 Elite Mangudai
40:51 Bracer
ノルフ
0:31 Loom
10:02 Feudal Age
12:41 Double-Bit Axe
14:49 Horse Collar
15:40 Fletching
16:25 Padded Archer Armor
19:29 Gold Mining
24:44 Castle Age
24:52 Crossbowman
26:28 Bodkin Arrow
28:19 Ballistics
31:34 Heavy Plow
31:45 Bow Saw
32:46 Thumb Ring
35:25 Leather Archer Armor
41:23 Imperial Age
祈求好运
0:38 Loom
13:27 Feudal Age
13:55 Double-Bit Axe
15:10 Forging
15:20 Horse Collar
19:20 Castle Age
17:40 Scale Barding Armor
17:32 Gold Mining
18:22 Fishing Lines
19:00 Bloodlines
20:08 Chain Barding Armor
21:16 Iron Casting
21:33 Husbandry
27:09 Bow Saw
31:46 Wheelbarrow
34:55 Imperial Age
33:39 Gold Shaft Mining
33:32 Hand Cart
34:40 Cavalier
37:01 Plate Barding Armor
37:42 Blast Furnace
37:25 Conscription
37:27 Heavy Plow
37:43 Savar
39:56 Two-Man Saw
40:20 Stone Mining
W
0:33 Loom
12:48 Feudal Age
13:47 Double-Bit Axe
18:55 Castle Age
19:00 Fletching
19:49 Medium Warships
20:20 Scale Barding Armor
20:30 Bloodlines
24:51 Chain Barding Armor
25:40 Husbandry
26:39 Horse Collar
27:20 Forging
28:53 Bodkin Arrow
30:50 Wheelbarrow
32:39 Iron Casting
35:33 Imperial Age
33:05 Gold Mining
37:26 Plate Barding Armor
36:15 Heavy Camel Rider
38:25 Grand Trunk Road
38:55 Stone Mining
40:15 Blast Furnace
39:43 Bow Saw
40:46 Hand Cart
Connection lost

Rejoining the realm…

Still unreachable

The connection could not be restored.

Session expired

The server has moved on; the page needs a fresh start.